 Dungeon Crawl Stone Soup version 0.24.1-4-ge52af88ad5 (webtiles) character file.

Game seed: 10209521569071380529, levelgen mode: deterministic

437 PeSeC the Skirmisher (level 6, 0/56 HPs)
             Began as a Minotaur Fighter on Apr 18, 2020.
             Slain by an orc wizard
             ... wielding a +0 dagger
              (2 damage)
             ... on level 4 of the Dungeon.
             The game lasted 00:05:35 (2879 turns).

PeSeC the Skirmisher (Minotaur Fighter)             Turns: 2879, Time: 00:05:36

Health: 0/56       AC: 13    Str: 22    XL:     6   Next: 69%
Magic:  5/5        EV:  5    Int:  5    God:
Gold:   172        SH: 10    Dex: 10    Spells: 5/5 levels left

rFire    . . .     SeeInvis .   a - +0 long sword
rCold    . . .     Gourm    .   c - +0 shield
rNeg     . . .     Faith    .   m - +0 plate armour
rPois    .         Spirit   .   (helmet restricted)
rElec    .         Reflect  .   (no cloak)
rCorr    .         Harm     .   w - +0 pair of gloves
MR       .....     Rnd*Tele +   (no boots)
Stlth    ..........             (no amulet)
HPRegen  0.18/turn              r - ring of teleportation (curse)
MPRegen  0.09/turn              (no ring)

@: no status effects
A: retaliatory headbutt, horns 2
a: no special abilities


You were on level 4 of the Dungeon.
You were not hungry.

You visited 1 branch of the dungeon, and saw 4 of its levels.

You collected 172 gold pieces.

Inventory:

Hand Weapons
 a - a +0 long sword (weapon)
Missiles
 j - 12 javelins (quivered)
 o - 2 throwing nets
Armour
 b - a +0 scale mail
 c - a +0 shield (worn)
 m - a +0 plate armour (worn)
 w - a +0 pair of gloves (worn)
Jewellery
 r - a cursed ring of teleportation (left hand)
Wands
 s - a wand of polymorph (11)
Scrolls
 e - 2 scrolls of fog {unknown}
 g - 3 scrolls of remove curse {unknown}
 h - 3 scrolls of magic mapping {unknown}
 i - a scroll of blinking {unknown}
 l - a scroll of enchant armour {unknown}
 n - a scroll of identify {unknown}
 p - 2 scrolls of enchant weapon {unknown}
Potions
 d - a potion of might
 k - 2 potions of mutation {unknown}
 q - a potion of cancellation {unknown}
 t - a potion of degeneration {unknown}
 u - 3 potions of curing {unknown}
Comestibles
 f - 6 rations


   Skills:
 * Level 5.4 Fighting
 * Level 4.6 Long Blades
 + Level 2.0 Throwing
 * Level 5.2 Armour
 + Level 2.0 Dodging
 + Level 4.6 Shields


You had 5 spell levels left.
You didn't know any spells.
Your spell library was empty.

Dungeon Overview and Level Annotations

Branches:
Dungeon (4/15)
 Temple: D:4-7

Altars:
Dithmenos
Trog
Yredelemnul
The Shining One


Innate Abilities, Weirdness & Mutations

You reflexively headbutt those who attack you in melee.
You have a pair of horns on your head.


Message History

* * * LOW HITPOINT WARNING * * *
You bump into the rock wall.
You feel less confused. Something hits you but does no damage.
You miss something.
You hear some strange, mumbled words.
A puff of flame appears from out of thin air!
The puff of flame hits you!
* * * LOW HITPOINT WARNING * * *
You hit something but do no damage. Your headbutt misses something.
Something hits you but does no damage.
Your plate armour prevents you from hitting something.
Something hits you but does no damage.
You miss something. Something hits you.
* * * LOW HITPOINT WARNING * * *
Something completely misses you.
You closely miss something. Something hits you.
* * * LOW HITPOINT WARNING * * *
You barely miss something. Something hits you.
You die...

### #<# #.#
#.# #@# #{#
#[#
#....)).....#
#.####......#
......#
......#
......#
......#


There were no monsters in sight!

Vanquished Creatures
  A phantom (D:2)
  A crimson imp (D:2)
  An orc priest (D:4)
  An orc wizard (D:3)
  Natasha (thrice) (D:3)
  A hound skeleton (D:4)
  7 gnolls (D:3)
  An adder (D:3)
  3 oozes
  3 worms
  A dart slug (D:1)
  2 leopard geckos
  6 orcs
  5 giant cockroaches
  7 hobgoblins
  6 kobolds
  11 bats
  5 frilled lizards
  7 goblins
  5 rats
77 creatures vanquished.

Notes
Turn   | Place    | Note
-------+----------+-------------------------------------------
     0 | D:1      | PeSeC the Minotaur Fighter began the quest for the Orb.
     0 | D:1      | Reached XP level 1. HP: 19/19 MP: 0/0
    91 | D:1      | Reached XP level 2. HP: 27/27 MP: 1/1
   263 | D:1      | Reached XP level 3. HP: 32/33 MP: 2/2
   494 | D:2      | Found a glowing golden altar of the Shining One.
   510 | D:2      | Noticed a phantom
   529 | D:2      | Killed a phantom
   529 | D:2      | Reached skill level 1 in Throwing
   529 | D:2      | Reached skill level 1 in Dodging
   529 | D:2      | Reached XP level 4. HP: 39/41 MP: 3/3
   573 | D:2      | Found a basalt altar of Yredelemnul.
  1104 | D:2      | Reached XP level 5. HP: 47/47 MP: 4/4
  1228 | D:2      | Found a shadowy altar of Dithmenos.
  1563 | D:3      | Noticed Natasha
  1567 | D:3      | Killed Natasha
  1574 | D:3      | Noticed Natasha
  1586 | D:3      | Killed Natasha
  1591 | D:3      | Noticed Natasha
  1592 | D:3      | Found a bloodstained altar of Trog.
  1608 | D:3      | Killed Natasha
  1608 | D:3      | Reached skill level 5 in Fighting
  1608 | D:3      | Reached XP level 6. HP: 10/56 MP: 5/5
  2067 | D:3      | Reached skill level 5 in Armour
  2878 | D:4      | HP: 2/56 [something (2)]
  2879 | D:4      | Slain by an orc wizard

Levels and vault maps discovered:
D:1:      zaba_arrival_water, layout_basic
D:2:      kb_forest_paths, layout_basic, grunt_dithmenos_smoke,
          overflow_temple_1_default, minmay_misc_feat_tower, lemuel_tele_altar
D:3:      layout_rooms, first_ration, trog_three_pillars_becter, uniq_natasha
D:4:      cheibrodos_quashed, layout_basic, kennysheep_slug_shrine,
          ebering_ghost_sewer_d, minmay_pentangle

Skill      XL: |  1  2  3  4  5  6 |
---------------+-------------------+-----
Fighting       | 4 5 |  5.4
Long Blades    | 3 4 |  4.6
Armour         | 4 5 |  5.2
Throwing       | 1 2 |  2.0
Dodging        | 1 2 |  2.0
Shields        | 4 |  4.6

Action                   |  1- 3 |  4- 6 || total
-------------------------+-------+-------++-------
Melee: Long sword        |    60 |   159 ||   219
       Headbutt          |    16 |    23 ||    39
Throw: Javelin           |     3 |     9 ||    12
  Eat: Chunk             |       |     7 ||     7
Armor: Scale mail        |    24 |       ||    24
       Plate armour      |     5 |   116 ||   121
Dodge: Dodged            |    17 |    32 ||    49
Block: Shield            |    25 |   104 ||   129
       Rpst.: Long sword |     5 |     7 ||    12
